 Dungeon Crawl Stone Soup version 0.22-a0-305-gd21a89c (webtiles) character file.

5441 xccam the Cleaver (level 11, -4/75 HPs)
             Began as a Formicid Fighter on Mar 30, 2018.
             Was a Believer of Cheibriados.
             Killed by divine providence
             ... invoked by an orc priest
              (13 damage)
             ... on level 9 of the Dungeon.
             The game lasted 00:13:53 (7181 turns).

xccam the Cleaver (Formicid Fighter)                Turns: 7181, Time: 00:13:54

Health: -4/75      AC: 11    Str: 28    XL:     11   Next: 0%
Magic:  11/11      EV:  8    Int: 11    God:    Cheibriados [**....]
Gold:   629        SH: 12    Dex: 15    Spells: 10/10 levels left

rFire    . . .     SeeInvis +   a - +1 war axe
rCold    . . .     Gourm    .   c - +0 shield
rNeg     . . .     Faith    .   q - +0 chain mail
rPois    .         Spirit   .   (helmet unavailable)
rElec    .         Reflect  .   x - +0 cloak
rCorr    .         Harm     .   r - +0 pair of gloves
MR       +....                  (no boots)
Stlth    ..........             (no amulet)
HPRegen  0.22/turn              m - ring of stealth
MPRegen  0.12/turn              (no ring)

@: very slow
A: permanent stasis, dig shafts and tunnels, four strong arms, antennae 3
a: Dig, Shaft Self, Bend Time, Renounce Religion


You were on level 9 of the Dungeon.
You worshipped Cheibriados.
Cheibriados was pleased with you.
You were not hungry.

You visited 2 branches of the dungeon, and saw 10 of its levels.
You also visited: Ossuary.

You collected 629 gold pieces.

Inventory:

Hand Weapons
 a - a +1 war axe (weapon)
 u - a cursed -3 battleaxe
Armour
 c - a +0 shield (worn)
 q - a +0 chain mail (worn)
 r - a +0 pair of gloves (worn)
 v - the +2 cloak of the Thief {+Fog Slay-2 SInv Stlth+}
   (You found it on level 5 of the Dungeon)

   It affects your accuracy and damage with ranged weapons and melee attacks
   (-2).
   It lets you see invisible.
   It makes you more stealthy.
 x - a +0 cloak (worn)
Jewellery
 m - a ring of stealth (left hand)
Scrolls
 g - 3 scrolls of identify
 p - 2 scrolls of remove curse
 t - a scroll of noise {unknown}
 y - a scroll of amnesia {unknown}
 z - a scroll of magic mapping {unknown}
Potions
 b - a potion of degeneration {unknown}
 d - a potion of mutation {unknown}
 e - 2 potions of agility
 h - 2 potions of flight
 i - a potion of haste
 j - a potion of ambrosia {unknown}
 k - a potion of resistance
 l - a potion of magic
 n - a potion of heal wounds
 o - a potion of cancellation {unknown}
 s - 2 potions of curing
 w - a potion of invisibility
Comestibles
 f - 8 rations
 A - 3 chunks of flesh


   Skills:
 - Level 3.2 Fighting
 * Level 13.6 Axes
 - Level 3.2 Armour
 - Level 9.0 Shields


You had 10 spell levels left.
You didn't know any spells.

Dungeon Overview and Level Annotations

Branches:
Dungeon (9/15)             Temple (1/1) D:6
   Lair: D:8-11         Orc: D:9-12

Altars:
Ashenzari
Cheibriados
Dithmenos
Elyvilon
Fedhas
Gozag
Hepliaklqana
Kikubaaqudgha
Makhleb
Nemelex Xobeh
Okawaru
Qazlal
Ru
Sif Muna
Trog
Uskayaw
Vehumet
Wu Jian
Xom
Yredelemnul
Zin
The Shining One

Shops:
D:5 ?


Innate Abilities, Weirdness & Mutations

You cannot be hasted, slowed, berserked, paralysed or teleported.
You can dig through walls and to a lower floor.
Your four strong arms can wield two-handed weapons with a shield.
You have a pair of large antennae on your head. (SInv)


Message History

You hit the orc wizard.
You feel sick.
The orc wizard mumbles some strange words.
The orc wizard blinks!
The orc priest miscasts a cantrip.
You feel better.
Your chain mail prevents you from hitting the orc priest.
An orc comes into view. It is wielding a trident.
You slash the orc priest!
The orc priest is almost dead.
The orc hits you from afar with a trident.
* * * LOW HITPOINT WARNING * * *
The orc priest calls down the wrath of Beogh upon you.
Beogh smites you!
* * * LOW HITPOINT WARNING * * *
You hit the orc priest but do no damage.
The orc priest is almost dead.
You hit the orc wizard.
The orc priest invokes the aid of Beogh against you.
Beogh smites you!
You die...

..(...)....
.$........
..........
.........#
.........#
.......#.#
.........†##{
....!....oo#
.....<.o@#.#
.......†.#.#
........Z#.#
#.......##.#
#......##.#
##.###.##.##
#.. #)##..###
#. ##(..#...#
#.<(..##.....


You could see an orc priest, an orc wizard, an orc and an adder zombie.

Vanquished Creatures
  Erica (D:8)
  A two-headed ogre (D:8)
  Pikel (D:8)
  Psyche (D:8)
  Prince Ribbit (D:7)
  A hornet (D:9)
  A hippogriff (D:7)
  A wyvern (D:8)
  A water moccasin (D:9)
  An ice beast (D:7)
  A slave (D:8)
  A black bear (D:6)
  2 ogres
  A phantom (D:5)
  2 centaurs
  A big kobold (D:9)
  A bullfrog (D:6)
  An elf zombie (Ossuary)
  4 scorpions (D:4)
  11 killer bees (D:9)
  A howler monkey (D:6)
  A crimson imp (D:8)
  A centaur zombie (D:7)
  A human zombie (Ossuary)
  A quasit (D:7)
  Crazy Yiuf (D:7)
  7 hounds
  An orc wizard (D:4)
  An orc priest (D:4)
  A bullfrog skeleton (D:5)
  A centaur skeleton (D:5)
  Natasha (thrice) (D:2)
  5 worker ants
  5 big kobold zombies (Ossuary)
  2 hound zombies
  A hound skeleton (D:5)
  2 mummies (Ossuary)
  A worker ant zombie (D:5)
  6 adders
  2 adder skeletons
  2 adder zombies (D:5)
  4 worms
  4 dart slugs
  5 leopard geckos
  9 orcs
  8 giant cockroaches
  A gnoll zombie (Ossuary)
  14 goblins
  7 hobgoblins
  9 jackals
  3 quokkas
  A bat (D:2)
  9 frilled lizards
  2 goblin zombies (Ossuary)
  2 hobgoblin zombies (Ossuary)
  5 kobolds
  2 orc zombies (Ossuary)
  A quokka skeleton (D:6)
  7 rats
174 creatures vanquished.

Notes
Turn   | Place    | Note
-------+----------+-------------------------------------------
     0 | D:1      | xccam the Formicid Fighter began the quest for the Orb.
     0 | D:1      | Reached XP level 1. HP: 18/18 MP: 1/1
    84 | D:1      | Reached XP level 2. HP: 14/24 MP: 2/2
   407 | D:1      | Reached XP level 3. HP: 25/29 MP: 3/3
   460 | D:1      | Reached skill level 3 in Axes
   907 | D:2      | Noticed Natasha
   916 | D:2      | Killed Natasha
   916 | D:2      | Reached XP level 4. HP: 29/35 MP: 4/4
  1077 | D:2      | Reached skill level 4 in Axes
  1100 | D:2      | Found a burning altar of Makhleb.
  1119 | D:2      | Reached XP level 5. HP: 28/41 MP: 5/5
  1224 | D:2      | Found an opulent altar of Gozag.
  1455 | D:2      | Noticed Natasha
  1478 | D:2      | Killed Natasha
  1750 | D:2      | Noticed Natasha
  1763 | D:2      | Killed Natasha
  1763 | D:2      | Reached skill level 5 in Shields
  1980 | D:3      | Reached XP level 6. HP: 47/47 MP: 6/6
  2422 | D:4      | Reached skill level 5 in Axes
  2735 | D:4      | Reached XP level 7. HP: 33/52 MP: 7/7
  2762 | D:4      | Reached skill level 6 in Axes
  3340 | D:5      | Entered Level 5 of the Dungeon
  3560 | D:5      | Found the +2 cloak of the Thief {+Fog Slay-2 SInv Stlth+}
  3606 | D:5      | Reached skill level 7 in Axes
  3606 | D:5      | Reached XP level 8. HP: 51/58 MP: 8/8
  3738 | D:5      | Found Itikhigu's Magic Scroll Boutique.
  4081 | D:6      | Found a sand-covered staircase.
  4094 | Ossuary  | Entered an ossuary
  4106 | Ossuary  | Reached skill level 8 in Axes
  4648 | D:6      | Found a hazy altar of Hepliaklqana.
  4701 | D:6      | Reached XP level 9. HP: 58/64 MP: 9/9
  4775 | D:6      | Reached skill level 9 in Axes
  4832 | D:6      | Found a staircase to the Ecumenical Temple.
  4914 | Temple   | Entered the Ecumenical Temple
  4921 | Temple   | Became a worshipper of Cheibriados the Contemplative
  5098 | D:6      | Found a sparkling altar of Nemelex Xobeh.
  5128 | D:6      | Found an iron altar of Okawaru.
  5291 | D:7      | Noticed Prince Ribbit
  5309 | D:7      | Killed Prince Ribbit
  5585 | D:7      | Noticed a hippogriff
  5596 | D:7      | Killed a hippogriff
  5888 | D:7      | Reached skill level 10 in Axes
  6065 | D:7      | Found a runed door.
  6069 | D:7      | Noticed Crazy Yiuf
  6073 | D:7      | Killed Crazy Yiuf
  6179 | D:8      | Noticed Pikel
  6221 | D:8      | Killed Pikel
  6221 | D:8      | Reached skill level 11 in Axes
  6410 | D:8      | Reached XP level 10. HP: 53/70 MP: 10/10
  6442 | D:8      | Noticed Erica
  6452 | D:8      | Killed Erica
  6452 | D:8      | Reached skill level 12 in Axes
  6554 | D:8      | Noticed a two-headed ogre
  6556 | D:8      | Noticed Psyche
  6561 | D:8      | Killed a two-headed ogre
  6561 | D:8      | Reached * piety under Cheibriados
  6574 | D:8      | Killed Psyche
  6574 | D:8      | Reached skill level 13 in Axes
  7139 | D:9      | Reached ** piety under Cheibriados
  7177 | D:9      | Reached XP level 11. HP: 17/75 MP: 11/11
  7181 | D:9      | Killed from afar by an orc priest

Vault maps used:
D:1:      denvon_arrival_waterhouse, corexii_corridor_pit
D:2:      old_standard_altar, grunt_gozag_statues, uniq_natasha
D:3:      kennysheep_the_goblin_king, first_ration
D:5:      serial_shops, nicolae_shop_temple_entry_statues_fountains
D:6:      kennysheep_okawaru_gauntlet, lemuel_coloured_pillars_altar,
          temple_hall_moat, nicolae_ossuary_entry_monument,
          nemelex_lonely_heart_becter
D:7:      uniq_prince_ribbit1, uniq_crazy_yiuf_cottage
D:8:      uniq_pikel, uniq_erica, uniq_psyche
D:9:      david_nohive_1
Temple:   nicolae_temple_no_exploring_needed
Ossuary:  minmay_ossuary_gauntlet

Skill      XL: |  1  2  3  4  5  6  7  8  9 10 |
---------------+-------------------------------+-----
Shields        | 4 5 6 8 9 |  9.0
Axes           | 3 4 5 7 8 11 13 | 13.6
Fighting       | |  3.2
Armour         | |  3.2

Action                   |  1- 3 |  4- 6 |  7- 9 | 10-12 || total
-------------------------+-------+-------+-------+-------++-------
Melee: War axe           |    92 |   182 |   311 |   134 ||   719
 Abil: Dig               |       |     3 |       |       ||     3
  Use: Potion            |       |       |     3 |     4 ||     7
       Scroll            |       |       |    12 |       ||    12
  Eat: Chunk             |       |     6 |     6 |     2 ||    14
       Ration            |       |       |     2 |       ||     2
Armor: Scale mail        |    42 |    54 |    62 |       ||   158
       Chain mail        |       |       |    39 |    41 ||    80
Dodge: Dodged            |    21 |    44 |    92 |    34 ||   191
Block: Shield            |    47 |    85 |   145 |    83 ||   360

Table legend:
 A = Spawn XP
 B = Non-spawn XP
 C = Spawn XP percentage of total XP
 D = Spawn monster count
 E = Non-spawn monster count
 F = Spawn count percentage of total count
 G = Total turns spent on level
                    A         B        C        D         E        F      G
               +---------+---------+-------+---------+---------+-------+---------
         Total |       0 |    7774 |   0.0 |       0 |     173 |   0.0 |  7181
               +---------+---------+-------+---------+---------+-------+---------
           D:1 |       0 |      46 |   0.0 |       0 |      24 |   0.0 |   869
           D:2 |       0 |     186 |   0.0 |       0 |      24 |   0.0 |   929
           D:3 |       0 |      62 |   0.0 |       0 |      25 |   0.0 |   592
           D:4 |       0 |     536 |   0.0 |       0 |      21 |   0.0 |   950
           D:5 |       0 |     553 |   0.0 |       0 |      14 |   0.0 |   700
           D:6 |       0 |     510 |   0.0 |       0 |      13 |   0.0 |   658
           D:7 |       0 |     820 |   0.0 |       0 |       8 |   0.0 |   950
           D:8 |       0 |    3466 |   0.0 |       0 |      10 |   0.0 |   850
           D:9 |       0 |    1288 |   0.0 |       0 |      18 |   0.0 |   199
       Ossuary |       0 |     307 |   0.0 |       0 |      16 |   0.0 |   469
               +---------+---------+-------+---------+---------+-------+---------
